 Dungeon Crawl Stone Soup version 0.30-a0-4-ga7cffc901d (webtiles) character file.

Game seed: 10963979200006208033

208 ytrimaz the Insei (level 5, 0/37 HPs)
             Began as a Demonspawn Transmuter on Aug 22, 2022.
             Succumbed to an orc wizard's poison
             ... on level 4 of the Dungeon.
             The game lasted 00:05:06 (3211 turns).

ytrimaz the Insei (Demonspawn Transmuter)           Turns: 3211, Time: 00:05:07

Health: 0/37       AC:  3    Str: 11    XL:     5   Next: 55%
Magic:  6/8        EV: 12    Int: 16    God:
Gold:   109        SH:  0    Dex: 13    Spells: 2/8 levels left

rFire   + . .      SeeInvis .      - Unarmed
rCold   . . .      Faith    .    (no shield)
rNeg    . . .      Spirit   .    a - +1 robe
rPois   .          Reflect  .    (helmet currently unavailable)
rElec   .          Harm     .    (no cloak)
rCorr   .          Rampage  .    (no gloves)
Will    .....                    (boots currently unavailable)
Stlth   +.........               (no amulet)
HPRegen 0.12/turn                e - ring of protection from fire
MPRegen 0.11/turn                f - ring of wizardry

@: lethally poisoned (0 -> -27), appendages (expiring), wereblooded
A: horns 2, talons 2, powered by pain 1, demonic touch 2
a: End Transformation


You were on level 4 of the Dungeon.
You had temporarily grown beastly horns and talons.
You visited 1 branch of the dungeon, and saw 4 of its levels.

You collected 109 gold pieces.

Inventory:

Armour
 a - a +1 robe (worn)
Jewellery
 e - a ring of protection from fire (left hand)
 f - a ring of wizardry (right hand)
Wands
 c - a wand of paralysis (1)
Scrolls
 d - a scroll of blinking
 g - a scroll of enchant weapon
Potions
 b - 2 potions of magic


   Skills:
 + Level 1.0 Fighting
 - Level 1.7 Dodging
 + Level 5.8 Unarmed Combat
 - Level 2.0 Spellcasting
 - Level 1.7 Transmutations


You had 2 spell levels left.
You knew the following spells:

 Your Spells              Type           Power      Damage    Failure   Level
a - Beastly Appendage     Tmut           14%        N/A       4%          1
b - Wereblood             Tmut           7%         N/A       6%          2
c - Spider Form           Tmut/Pois      4%         N/A       17%         3

Your spell library contained the following spells:

 Spells                   Type           Power      Damage    Failure   Level
 Ice Form                 Ice/Tmut       4%         N/A       47%         4


Dungeon Overview and Level Annotations

Branches:
Dungeon (4/15)
 Temple: D:4-7

Altars:

Shops:
D:2 ?


Innate Abilities, Weirdness & Mutations

You have temporarily grown beastly horns and talons.
You sometimes gain a little power by taking damage.
Your touch may inflict irresistible damage on your foes.


Message History

Casting: Beastly Appendage (safe; 4% risk of failure)
Confirm with . or Enter, or press ? or * to list all spells.
Your blood is infused with primal strength.
Unknown command.
You hit something. Your headbutt misses something. Your touch misses something.
Something hits you.
You are poisoned.
You punch something!
Your transformation is almost over.
You feel sick. Something completely misses you.
You closely miss something. Your kick misses something.
Your touch misses something.
You feel sick.
You hit something but do no damage.
You feel sick. Something hits you.
You are more poisoned.
You miss something. Your kick misses something. Your touch misses something.
You feel sick. Something hits you.
You are lethally poisoned!
You miss something. Your kick misses something. Your touch misses something.
* * * LOW HITPOINT WARNING * * *
You feel very sick. Something hits you but does no damage.
You are more poisoned.
Casting: Wereblood (safe; 6% risk of failure)
Confirm with . or Enter, or press ? or * to list all spells.
The spell is quite dangerous to miscast (17% risk of failure)!
Continue anyway?
Okay, then.
Okay, then.
Aiming: Paralyse
Press: ? - help, Shift-Dir - straight line, f - orc
Aim: an orc, wielding a +0 war axe (chance to affect: 66%) Nothing appears to happen.
* * * LOW HITPOINT WARNING * * *
You feel very sick. Something hits you but does no damage.
You are more poisoned.
Unknown command.
Unknown command.
You barely miss something. Your kick misses something.
Your touch misses something.
You die...

### ..# #.# ######### #.#
#.......# #.# . #...)...#
#.# ######...
#.......#####.####........
#..............@.o........
#.......###...####........
#.......# #...# ######...
#.......# #...# .
######### #...# #...#
#...# ###.# .#


You could see an orc.

Vanquished Creatures
  2 jellies (D:1)
  6 adders (D:3)
  A dart slug (D:2)
  4 orcs
  7 ball pythons
  A bat (D:2)
  13 endoplasms
  9 giant cockroaches
  10 goblins
  5 hobgoblins
  5 jackals (D:1)
  2 quokkas (D:1)
  2 frilled lizards (D:1)
  5 kobolds
  7 rats
79 creatures vanquished.

Notes
Turn   | Place    | Note
-------+----------+-------------------------------------------
     0 | D:1      | ytrimaz the Demonspawn Transmuter began the quest for the
                  | Orb.
     0 | D:1      | Reached XP level 1. HP: 15/15 MP: 3/3
     0 | D:1      | Noticed a jelly
     1 | D:1      | Found a runed translucent door.
     2 | D:1      | Noticed a jelly
   143 | D:1      | Reached skill level 3 in Unarmed Combat
   168 | D:1      | Gained mutation: You sometimes gain a little power by
                  | taking damage. [demonic ancestry]
   168 | D:1      | Reached XP level 2. HP: 11/21 MP: 3/5
   171 | D:1      | Learned a level 2 spell: Wereblood
   384 | D:1      | Reached skill level 4 in Unarmed Combat
   384 | D:1      | Gained mutation: Your touch may inflict minor irresistible
                  | damage on your foes. [demonic ancestry]
   384 | D:1      | Reached XP level 3. HP: 26/26 MP: 1/6
   387 | D:1      | Gained mutation: Your touch may inflict irresistible damage
                  | on your foes. [demonic ancestry]
   387 | D:1      | Reached XP level 4. HP: 24/32 MP: 2/7
   435 | D:1      | Learned a level 3 spell: Spider Form
   556 | D:1      | Found a faded altar of an unknown god.
  1235 | D:2      | Found Onudoh Xane's Magic Scroll Boutique.
  1442 | D:2      | Reached skill level 5 in Unarmed Combat
  2168 | D:3      | Reached XP level 5. HP: 33/37 MP: 6/8
  3211 | D:4      | Succumbed to an orc wizard's poison

Illustrated notes

Levels and vault maps discovered:
D:1:      dpeg_arrival_caged_fury, layout_basic, basic_ecumenical_altar
D:2:      layout_loops_ring, serial_shops, shop_statue, minmay_worlds_worst_comb
D:3:      wander_river, layout_rooms, guppyfry_early_orc_mine
D:4:      layout_loops_cross, uniq_natasha, uniq_pikel, uniq_duvessa

Skill      XL: |  1  2  3  4 |
---------------+-------------+-----
Unarmed Combat | 3 4 5 |  5.8
Fighting       | |  1.0
Dodging        | |  1.7
Spellcasting   | |  2.0
Transmutations | |  1.7

Action                   |  1- 3 |  4- 6 || total
-------------------------+-------+-------++-------
Melee: Unarmed           |    24 |   154 ||   178
       Kick              |     4 |    23 ||    27
       Headbutt          |     1 |     8 ||     9
       Punch             |     1 |     3 ||     4
       Touch             |       |    18 ||    18
 Cast: Beastly Appendage |     6 |    33 ||    39
       Wereblood         |     1 |     1 ||     2
Evoke: Wand              |       |     1 ||     1
  Use: Potion            |     1 |     1 ||     2
       Scroll            |       |     9 ||     9
 Stab: Sleeping          |       |     1 ||     1
Armor: Robe              |     1 |    25 ||    26
       Skin              |     4 |    18 ||    22
Dodge: Dodged            |    11 |    82 ||    93

Table legend: (Time is in decaauts)
 A = Elapsed time spent in this place.
 B = Non-inter-level travel time spent in this place.
 C = Inter-level travel time spent in this place.
 D = Time resting spent in this place.
 E = Time spent auto-exploring this place.
 F = Levels seen in this place.
 G = Mean time per level.
                   A        B        C        D        E       F      G
               +--------+--------+--------+--------+--------+-----+--------+
         Total |   3219 |   3136 |     83 |    279 |   2262 |   4 |  804.8 |
       Dungeon |   3219 |   3136 |     83 |    279 |   2262 |   4 |  804.8 |
               +--------+--------+--------+--------+--------+-----+--------+

Top non-repeatable levels by time:
     D:1: 1228 daAuts
     D:3: 1146 daAuts
     D:2: 801 daAuts
     D:4: 43 daAuts
